 Dungeon Sprint DCSS version 0.23.0-3-gf3c87f2 (webtiles) character file.

Game seed: 2437011028868149009

35300000 nuthulu the Conqueror (level 27, -7764/249 HPs)
             Began as a Demonspawn Fighter on Feb 24, 2019.
             Was the Champion of Makhleb.
             Annihilated by The Meatlord
             ... wielding the +7 sceptre of Torment {pain, torment}
              (7939 damage)
             ... in the Dungeon (Sprint VIII: "Arena of Blood").
             The game lasted 00:05:02 (353 turns).

nuthulu the Conqueror (Demonspawn Fighter)           Turns: 353, Time: 00:05:03

Health: -7764/249  AC: 13    Str: 29    XL:     27
Magic:  54/54      EV: 36    Int: 10    God:    Makhleb [******]
Gold:   0          SH:  0    Dex: 18    Spells: 80/80 levels left

rFire    + + .     SeeInvis .   l - +∞ Axe of Woe
rCold    . . .     Gourm    .   (shield currently unavailable)
rNeg     + . .     Faith    .   b - +0 scale mail
rPois    .         Spirit   .   (helmet unavailable)
rElec    .         Reflect  .   (no cloak)
rCorr    .         Harm     .   (gloves unavailable)
MR       ++...     NoTele   +   (boots unavailable)
Stlth    ++++++++++             (no amulet)
HPRegen  0.51/turn              t - ring of protection from fire
MPRegen  0.34/turn              q - ring of protection from fire

@: agile
A: claws 3, horns 3, talons 3, negative energy resistance 1, nightstalker 3,
powered by pain 3, 50% torment resistance, black mark
a: Minor Destruction, Lesser Servant of Makhleb, Major Destruction, Greater
Servant of Makhleb, Renounce Religion


You were in the Dungeon.
You worshipped Makhleb.
Makhleb was exalted by your worship.
You were not hungry.

You visited 1 branch

Inventory:

Hand Weapons
 a - a +0 war axe
 l - the +∞ Axe of Woe (weapon)
   (You found it in the Dungeon)
Armour
 b - a +0 scale mail (worn)
 c - a +0 shield
Jewellery
 m - a +30 ring of slaying
 n - a +30 ring of slaying
 o - an uncursed ring of see invisible
 p - a +30 ring of slaying
 q - a ring of protection from fire (right claw)
 r - a +30 ring of slaying
 s - a +30 ring of slaying
 t - a ring of protection from fire (left claw)
 u - a +200 ring of slaying
 v - a +30 ring of slaying
 w - a +30 ring of slaying
 x - a +30 ring of slaying
Scrolls
 k - a scroll of blinking
Potions
 d - a potion of might
 e - a potion of curing
 h - a potion of haste
 i - 2 potions of magic
 j - a potion of berserk rage
Comestibles
 f - a ration


   Skills:
 O Level 27 Fighting
 O Level 27 Axes
 O Level 27 Throwing
 O Level 27 Armour
 O Level 27 Dodging
 O Level 27 Stealth
 O Level 27 Shields
 O Level 27 Unarmed Combat
 O Level 27 Spellcasting
 O Level 27 Invocations


You had 80 spell levels left.
You didn't know any spells.
Your spell library was empty.

Dungeon Overview and Level Annotations

Branches:
Dungeon (1/1)

Altars:
Makhleb

Annotations:
D The Meatlord


Innate Abilities, Weirdness & Mutations

You have claws for hands.
You have a pair of large horns on your head.
You have claws for feet.
You resist negative energy. (rN+)
You are completely attuned to the shadows.
You are powered by pain.
You are somewhat able to resist unholy torments (1 in 2 success).
Your melee attacks may debilitate your foes.


Message History

Unknown command.
Unknown command. 2 orcs come into view.
The ball lightning explodes!
The blast of lightning engulfs The Meatlord but does no damage.
The blast of lightning engulfs the ball lightning.
The ball lightning completely resists.
The blast of lightning engulfs the ball lightning.
The ball lightning completely resists.
The blast of lightning engulfs you.
The blast of lightning engulfs the bag of meat!
The blast of lightning engulfs the meat berserker!
The blast of lightning engulfs the ball lightning.
The ball lightning completely resists.
You hear a shout!
A starcursed mass splits. x2
The meat berserker hits you with a +9 battleaxe!!
You hear a shout!
The Meatlord hits you with the +7 sceptre of Torment {pain, torment}!!!!!!!!!!
Ouch! That really hurt!
You die...

......#.. .......
........)..
.......#.........
......#....
.......#..
...####..) ..###..
..... ### .*....Xo.
..... .. .......oX
..... .. ....o.ooX.
. ........#*.&OXXX#
. ..#.... #)*@O.XX#
....°☼###.))oX..###.
...☼☼§○°.))###X.....
#
...#☼§○○...._).....
# .#...○...#).)..# .
......)..#_.<._#...
.. ##..
.#...)..)#)))..#...
#o ....
...#)..))))._......
.. ....
...))....))###......


You could see The Meatlord, 10 starcursed masses, 2 meat berserkers, 6 bags of
meat and 3 ball lightnings.

Vanquished Creatures
  3 vampire knights (D)
  20 ogres (D)
  6 two-headed ogres (D)
  124 orcs (D)
  3 ball lightnings (D)
156 creatures vanquished.

Vanquished Creatures (others)
  2 ball lightnings (D)
2 creatures vanquished.

Grand Total: 158 creatures vanquished

Notes
Turn   | Place    | Note
-------+----------+-------------------------------------------
     0 | D        | Found the +∞ Axe of Woe
     0 | D        | nuthulu the Demonspawn Fighter began the quest for the Orb.
     0 | D        | Reached XP level 1. HP: 18/18 MP: 1/1
     1 | D        | Noticed a bag of meat
     1 | D        | Noticed a bag of meat
     2 | D        | Noticed a bag of meat
     3 | D        | Noticed a bag of meat
     5 | D        | Noticed a bag of meat
     8 | D        | Killed a bag of meat
     8 | D        | Gained mutation: You have sharp toenails. [demonic
                  | ancestry]
     8 | D        | Reached XP level 2. HP: 45/45 MP: 2/2
     8 | D        | Gained mutation: You have a pair of small horns on your
                  | head. [demonic ancestry]
     8 | D        | Reached XP level 3. HP: 51/51 MP: 3/3
     8 | D        | Gained mutation: You have a pair of horns on your head.
                  | [demonic ancestry]
     8 | D        | Reached XP level 4. HP: 58/58 MP: 4/4
     8 | D        | Reached XP level 5. HP: 64/64 MP: 5/5
     8 | D        | Gained mutation: You are slightly more attuned to the
                  | shadows. [demonic ancestry]
     8 | D        | Reached XP level 6. HP: 71/71 MP: 6/6
     8 | D        | Gained mutation: You sometimes gain a little power by
                  | taking damage. [demonic ancestry]
     8 | D        | Reached XP level 7. HP: 78/78 MP: 7/7
     8 | D        | Gained mutation: You have razor-sharp toenails. [demonic
                  | ancestry]
     8 | D        | Reached XP level 8. HP: 85/85 MP: 8/8
     8 | D        | Gained mutation: You have sharp fingernails. [demonic
                  | ancestry]
     8 | D        | Reached XP level 9. HP: 91/91 MP: 9/9
     8 | D        | Reached XP level 10. HP: 98/98 MP: 10/10
     8 | D        | Gained mutation: You have very sharp fingernails. [demonic
                  | ancestry]
     8 | D        | Reached XP level 11. HP: 104/104 MP: 11/11
     9 | D        | Killed a bag of meat
     9 | D        | Reached skill level 10 in Axes
     9 | D        | Gained mutation: You have claws for hands. [demonic
                  | ancestry]
     9 | D        | Reached XP level 12. HP: 75/117 MP: 12/12
     9 | D        | Killed a bag of meat
     9 | D        | Reached XP level 13. HP: 82/127 MP: 13/13
     9 | D        | Killed a bag of meat
     9 | D        | Reached XP level 14. HP: 89/138 MP: 14/14
    11 | D        | Became a worshipper of Makhleb the Destroyer
    11 | D        | Noticed a bag of meat
    11 | D        | Noticed a bag of meat
    12 | D        | Noticed a bag of meat
    12 | D        | Noticed a bag of meat
    14 | D        | Noticed a meat berserker
    15 | D        | Noticed a bag of meat
    16 | D        | Killed a bag of meat
    17 | D        | Killed a bag of meat
    17 | D        | Reached * piety under Makhleb
    17 | D        | Gained mutation: You sometimes gain power by taking damage.
                  | [demonic ancestry]
    17 | D        | Reached XP level 15. HP: 99/149 MP: 15/15
    18 | D        | Killed a meat berserker
    19 | D        | Gained mutation: You have a pair of large horns on your
                  | head. [demonic ancestry]
    19 | D        | Reached XP level 16. HP: 110/164 MP: 16/16
    20 | D        | Reached ** piety under Makhleb
    20 | D        | Reached skill level 27 in Fighting
    22 | D        | Gained mutation: You resist negative energy. (rN+) [demonic
                  | ancestry]
    22 | D        | Reached XP level 17. HP: 174/174 MP: 17/17
    22 | D        | Reached *** piety under Makhleb
    23 | D        | Reached skill level 5 in Dodging
    23 | D        | Reached skill level 5 in Stealth
    23 | D        | Reached skill level 5 in Unarmed Combat
    28 | D        | Reached skill level 10 in Invocations
    29 | D        | Noticed a meat berserker
    29 | D        | Noticed a meat berserker
    31 | D        | Killed a meat berserker
    31 | D        | Reached **** piety under Makhleb
    31 | D        | Reached skill level 27 in Armour
    31 | D        | Reached skill level 10 in Dodging
    31 | D        | Reached skill level 10 in Unarmed Combat
    31 | D        | Reached XP level 18. HP: 182/182 MP: 18/28
    33 | D        | Killed a meat berserker
    34 | D        | Reached XP level 19. HP: 189/189 MP: 19/32
    36 | D        | Reached skill level 15 in Stealth
    36 | D        | Reached ***** piety under Makhleb
    36 | D        | Reached skill level 15 in Dodging
    36 | D        | Reached skill level 27 in Shields
    36 | D        | Reached skill level 15 in Unarmed Combat
    38 | D        | Noticed a meat berserker
    38 | D        | Noticed a large bag of meat
    40 | D        | Noticed a meat berserker
    42 | D        | Reached skill level 27 in Axes
    42 | D        | Gained mutation: You have claws for feet. [demonic
                  | ancestry]
    42 | D        | Reached XP level 20. HP: 197/197 MP: 20/36
    42 | D        | Killed a meat berserker
    43 | D        | Reached skill level 27 in Invocations
    45 | D        | Killed a large bag of meat
    45 | D        | Reached ****** piety under Makhleb
    46 | D        | Killed a meat berserker
    46 | D        | Gained mutation: You are somewhat able to resist unholy
                  | torments (1 in 2 success). [demonic ancestry]
    46 | D        | Reached XP level 21. HP: 31/204 MP: 21/38
    52 | D        | Reached skill level 27 in Dodging
    52 | D        | Reached skill level 27 in Stealth
    52 | D        | Reached skill level 27 in Unarmed Combat
    54 | D        | Gained mutation: You are powered by pain. [demonic
                  | ancestry]
    54 | D        | Reached XP level 22. HP: 160/212 MP: 23/42
    58 | D        | Noticed a large bag of meat
    61 | D        | Killed a large bag of meat
    61 | D        | Gained mutation: You are significantly more attuned to the
                  | shadows. [demonic ancestry]
    61 | D        | Reached XP level 23. HP: 219/219 MP: 25/52
    66 | D        | Reached skill level 27 in Throwing
    66 | D        | Reached skill level 27 in Spellcasting
    69 | D        | Noticed a destroyer
    70 | D        | Killed a destroyer
    74 | D        | Gained mutation: Your melee attacks may debilitate your
                  | foes. [demonic ancestry]
    74 | D        | Reached XP level 24. HP: 227/227 MP: 29/54
   101 | D        | Reached XP level 25. HP: 234/234 MP: 37/54
   103 | D        | Noticed a large bag of meat
   107 | D        | Killed a large bag of meat
   116 | D        | Reached XP level 26. HP: 242/242 MP: 42/54
   149 | D        | Noticed a large bag of meat
   154 | D        | Gained mutation: You are completely attuned to the shadows.
                  | [demonic ancestry]
   154 | D        | Reached XP level 27. HP: 249/249 MP: 54/54
   154 | D        | Killed a large bag of meat
   268 | D        | Noticed a destroyer
   274 | D        | Killed a destroyer
   325 | D        | Noticed a large bag of meat
   329 | D        | Killed a large bag of meat
   330 | D        | Noticed a large bag of meat
   334 | D        | Killed a large bag of meat
   342 | D        | Noticed a destroyer
   343 | D        | Noticed The Meatlord
   349 | D        | Killed a destroyer
   353 | D        | Annihilated by The Meatlord

Skill      XL: |  1  2  3  4  5  6  7  8  9 10 11 12 13 14 15 16 17 18 19 20 21 22 23 |
---------------+----------------------------------------------------------------------+-----
Fighting       | 16 18 20 21 23 25 27 | 27.0
Axes           | 9 10 12 13 14 17 20 23 24 27 | 27.0
Armour         | 14 16 18 19 21 23 25 27 | 27.0
Shields        | 14 16 17 18 20 22 24 25 26 27 | 27.0
Dodging        | 10 13 19 25 27 | 27.0
Stealth        | 11 14 20 26 27 | 27.0
Unarmed Combat | 10 13 18 24 27 | 27.0
Invocations    | 14 18 24 27 | 27.0
Throwing       | 16 25 27 | 27.0
Spellcasting   | 16 25 27 | 27.0

Action                   |  1- 3 |  4- 6 |  7- 9 | 10-12 | 13-15 | 16-18 | 19-21 | 22-24 | 25-27 || total
-------------------------+-------+-------+-------+-------+-------+-------+-------+-------+-------++-------
Melee: Executioner's axe |     1 |       |       |     1 |     4 |     7 |    10 |    13 |    66 ||   102
  Use: Potion            |       |       |       |       |       |       |       |       |     1 ||     1
 Stab: Distracted        |       |       |       |       |       |       |       |       |     1 ||     1
Armor: Scale mail        |       |       |       |       |       |       |       |       |     3 ||     3
Dodge: Dodged            |       |       |       |       |       |       |     1 |     2 |    12 ||    15
